Map: [ESL] Tropical Sacrifice

Players

Scarlett - Winner!

  • Race: Zerg Zerg
  • Spawn Location: 7:00

PureLegacy

  • Race: Terran Terran
  • Spawn Location: 1:00

Event: DreamHack SC2 Masters 2022 Atlanta (Online)

VOD

Have the link to the VOD?

Description

Time

  • Played on: Oct. 4, 2022, 4:43 p.m.
  • Length: 12:11

All games in this series

Show
View Real Time Build Order
Export as new Build Order

Scarlett Zerg - Winner!

Build Orders: Hatch First, Swarm Host 

Get SALT Encoding   

  12  0:00  Drone  
  13  0:12  Overlord  
  13  0:17  Drone  
  14  0:31  Drone x2  
  16  0:49  Hatchery  
  15  0:53  Drone  
  15  0:56  Drone  
  17  0:59  Drone  
  18  1:10  Extractor  
  17  1:14  Spawning Pool  
  17  1:18  Drone  
  17  1:22  Drone  
  18  1:28  Drone  
  19  1:39  Drone  
  20  1:49  Overlord  
  20  2:01  Queen x2  
  24  2:09  Zergling x4  
  26  2:16  Drone x2  
  28  2:26  Hatchery  
  27  2:32  Drone  
  27  2:35  Metabolic Boost  
  27  2:39  Drone x2  
  29  2:46  Drone  
  29  2:49  Queen  
  32  2:54  Overlord  
  32  2:57  Drone  
  33  3:00  Drone  
  34  3:09  Overlord  
  34  3:11  Drone  
  35  3:14  Drone x4  
  39  3:20  Queen  
  39  3:23  Drone  
  39  3:24  Drone  
  43  3:35  Drone  
  43  3:36  Queen  
  43  3:38  Queen  
  48  3:45  Drone x5  
  53  3:51  Zergling x6  
  53  3:54  Overlord  
  56  4:01  Drone  
  57  4:04  Overlord  
  57  4:13  Overlord  
  57  4:15  Overlord  
  57  4:17  Drone x4  
  57  4:23  Zergling x4  
  63  4:31  Drone  
  63  4:32  Queen x2  
  63  4:36  Drone  
  63  4:37  Drone x4  
  71  4:39  Lair  
  71  4:43  Zergling x4  
  73  4:46  Spore Crawler  
  73  4:48  Drone x5  
  73  4:52  Zergling x4  
  79  4:56  Drone x3  
  82  5:06  Drone  
  83  5:08  Drone x2  
  83  5:13  Extractor  
  80  5:16  Queen  
  80  5:17  Drone  
  80  5:18  Drone x6  
  80  5:19  Hatchery  
  88  5:23  Extractor  
  88  5:25  Drone x2  
  88  5:26  Roach Warren  
  88  5:29  Overlord  
  88  5:30  Drone  
  88  5:33  Extractor x2  
  88  5:35  Evolution Chamber x2  
  86  5:39  Zergling x2  
  86  5:40  Zergling x6  
  89  5:44  Overlord  
  89  5:46  Overseer  
  89  5:48  Overlord  
  89  5:56  Drone x9  
  89  5:57  Drone  
  94  6:00  Drone  
  93  6:06  Glial Reconstitution  
  93  6:10  Drone x2  
  95  6:15  Extractor  
  95  6:16  Zerg Missile Weapons Level 1  
  95  6:17  Overlord x3  
  94  6:20  Spore Crawler  
  94  6:22  Spore Crawler, Drone x4  
  96  6:26  Queen x2  
  96  6:31  Drone  
  96  6:32  Zerg Ground Armor Level 1, Drone x2  
  103  6:36  Infestation Pit  
  103  6:38  Drone  
  103  6:41  Overlord x2  
  103  6:43  Drone x3  
  103  6:45  Drone  
  107  6:52  Drone x3  
  107  6:53  Drone x4  
  113  6:56  Roach  
  113  6:57  Roach  
  112  7:02  Roach x2  
  112  7:04  Roach x2  
  116  7:11  Roach x2  
  116  7:15  Zergling x12  
  112  7:24  Drone x6  
  106  7:38  Drone x3  
  106  7:40  Drone x2  
  106  7:42  Drone x2  
  106  7:43  Drone x3  
  116  7:44  Swarm Host x3  
  116  7:50  Swarm Host x3  
  134  7:57  Nydus Network  
  133  7:59  Drone  
  133  8:01  Swarm Host x3  
  143  8:09  Overlord x3  
  143  8:10  Drone, Extractor x2  
  143  8:11  Drone x3  
  145  8:13  Drone x2  
  145  8:18  Drone  
  145  8:19  Drone  
  149  8:25  Swarm Host  
  152  8:33  Zerg Missile Weapons Level 2  
  152  8:34  Hive  
  152  8:35  Swarm Host x4  
  164  8:43  Drone x2  
  164  8:47  Swarm Host x3  
  175  8:49  Hatchery  
  175  8:51  Nydus Canal  
  173  9:00  Ravager x2  
  173  9:01  Overlord x3  
  175  9:03  Hatchery  
  171  9:12  Nydus Canal  
  171  9:16  Ravager x4, Overlord x2  
  175  9:23  Spire  
  174  9:29  Ravager x2  
  174  9:30  Extractor  
  173  9:33  Extractor  
  170  9:45  Roach x13  
  190  9:53  Nydus Canal  
  190  9:58  Baneling Nest  
  186  10:03  Adrenal Glands  
  186  10:04  Drone x5  
  186  10:05  Drone  
  190  10:19  Nydus Canal  
  190  10:22  Spire  
  190  10:24  Drone x3  
  186  10:28  Ravager  
  186  10:29  Ravager x2  
  186  10:30  Ravager  
  186  10:33  Nydus Canal  
  186  10:35  Overlord  
  190  10:42  Ravager x3  
  191  10:47  Spore Crawler, Spine Crawler  
  191  10:48  Spine Crawler  
  188  10:50  Greater Spire  
  188  10:57  Hatchery  
  188  11:03  Ravager x2  
  181  11:17  Spire  
  180  11:22  Nydus Canal  
  177  11:26  Drone x3  
  174  11:38  Corruptor x8  
  180  12:03  Nydus Canal  
Show
View Real Time Build Order
Export as new Build Order

PureLegacy Terran 

Build Orders: Reaper Expand, Mech 

Get SALT Encoding   

  12  0:00  SCV  
  13  0:12  SCV  
  14  0:17  Supply Depot  
  14  0:24  SCV  
  15  0:39  SCV  
  15  0:41  Barracks  
  16  0:45  Refinery  
  16  0:51  SCV  
  17  1:03  SCV  
  18  1:15  SCV  
  19  1:28  Reaper  
  19  1:29  Orbital Command  
  20  1:42  Command Center  
  20  1:50  Supply Depot  
  20  1:54  SCV  
  20  2:00  Marine  
  22  2:06  SCV  
  23  2:11  Factory  
  23  2:23  Barracks Reactor  
  23  2:24  SCV  
  24  2:40  SCV  
  25  2:45  Command Center  
  25  2:52  SCV  
  25  2:54  Orbital Command  
  26  3:04  SCV  
  27  3:06  Starport  
  27  3:10  Refinery  
  31  3:20  Hellion x2, SCV  
  31  3:22  SCV  
  33  3:33  SCV  
  34  3:34  SCV  
  35  3:42  Hellion x2  
  35  3:45  SCV, Viking  
  35  3:46  SCV  
  43  3:49  Refinery  
  43  3:57  SCV  
  43  3:58  SCV  
  43  3:59  Orbital Command  
  45  4:08  Supply Depot  
  45  4:09  SCV  
  46  4:10  SCV  
  46  4:14  Hellion x2  
  51  4:21  SCV  
  51  4:23  SCV  
  53  4:29  SCV  
  54  4:33  SCV  
  54  4:35  Hellion x2  
  54  4:37  Fusion Core  
  59  4:39  SCV  
  59  4:40  Supply Depot, Refinery  
  59  4:43  SCV  
  61  4:49  Starport Tech Lab  
  59  4:53  SCV  
  59  4:57  Hellion x2  
  59  4:58  SCV x2  
  66  5:04  Supply Depot  
  66  5:05  SCV  
  67  5:08  Supply Depot  
  67  5:10  SCV  
  68  5:17  SCV  
  73  5:21  Orbital Command  
  73  5:22  SCV  
  73  5:26  Factory  
  73  5:27  Battlecruiser, Factory  
  76  5:29  SCV  
  76  5:31  Supply Depot  
  76  5:34  SCV  
  78  5:42  SCV  
  79  5:45  Hellion x2  
  79  5:46  SCV  
  82  5:54  SCV  
  79  5:58  SCV  
  79  6:00  SCV  
  76  6:06  SCV, Refinery  
  76  6:07  Refinery  
  76  6:08  Hellion  
  76  6:09  Hellion  
  76  6:10  SCV  
  82  6:12  SCV, Factory Tech Lab x2  
  82  6:14  Armory  
  82  6:15  Armory  
  82  6:18  SCV  
  84  6:20  Supply Depot x2  
  84  6:22  SCV  
  84  6:25  SCV, Weapon Refit  
  86  6:30  Hellion x2, SCV  
  91  6:34  SCV  
  91  6:37  SCV  
  93  6:42  SCV, Siege Tank x2  
  93  6:43  Supply Depot  
  93  6:46  SCV  
  101  6:50  Engineering Bay, SCV  
  101  6:51  Hellion x2  
  101  6:53  Supply Depot  
  106  6:54  SCV  
  107  7:03  SCV  
  108  7:13  Hellion x2, SCV  
  108  7:15  SCV  
  112  7:20  Siege Tank  
  112  7:21  Siege Tank  
  104  7:34  Supply Depot, SCV x3  
  103  7:39  Command Center, Battlecruiser  
  103  7:40  Factory  
  103  7:41  Sensor Tower, Factory  
  103  7:45  Hellion x2, Mag-Field Accelerator, Infernal Pre-Igniter  
  103  7:47  Terran Vehicle Weapons Level 1  
  107  7:51  Terran Vehicle And Ship Armor Level 1  
  107  7:52  Siege Tank  
  107  7:53  Siege Tank  
  109  8:02  SCV x3  
  108  8:06  Hellion x2  
  108  8:08  Missile Turret  
  108  8:09  Missile Turret  
  108  8:10  Missile Turret  
  108  8:11  Missile Turret  
  108  8:12  Missile Turret  
  112  8:14  SCV  
  113  8:21  SCV x2  
  113  8:24  Factory  
  113  8:26  SCV  
  113  8:27  Factory, Siege Tank  
  116  8:28  Factory Tech Lab x2, Siege Tank  
  116  8:29  Hellion  
  116  8:30  Hellion  
  116  8:33  SCV x2  
  128  8:35  Refinery x2  
  128  8:38  SCV  
  127  8:45  SCV  
  128  8:50  Hellion x2  
  128  8:51  Hellion x2  
  137  8:55  SCV x2  
  137  9:00  SCV  
  136  9:06  Cyclone x2  
  142  9:14  Siege Tank x2  
  142  9:15  Factory Tech Lab, Factory Reactor  
  142  9:16  Hellion x2  
  152  9:17  SCV x3  
  152  9:23  Supply Depot, Battlecruiser  
  152  9:24  Supply Depot  
  160  9:25  Supply Depot x2  
  160  9:29  SCV x3  
  161  9:33  Sensor Tower  
  135  9:51  SCV x2  
  123  9:54  SCV  
  123  9:55  Siege Tank x3  
  123  9:56  Hellion x2, Siege Tank x2  
  123  9:57  Hellion  
  145  10:03  SCV x2  
  145  10:05  Planetary Fortress  
  147  10:09  Hellion  
  149  10:14  SCV  
  149  10:15  SCV x2  
  152  10:26  SCV  
  152  10:27  SCV  
  154  10:32  SCV  
  146  10:39  SCV x2  
  146  10:41  Siege Tank x2  
  146  10:42  SCV  
  146  10:43  Siege Tank x3  
  146  10:44  SCV  
  156  10:51  SCV x2  
  156  10:54  SCV  
  156  10:56  Engineering Bay, SCV  
  155  11:04  Hellion x2  
  155  11:05  Hellion x2  
  141  11:13  Siege Tank x2  
  141  11:15  Siege Tank x3  
  141  11:17  SCV x2  
  139  11:20  SCV  
  129  11:32  SCV  
  130  11:33  SCV x2  
  130  11:37  Command Center  
  132  11:44  SCV  
  132  11:45  SCV, Hellion  
  132  11:46  Hellion x3  
Tags
 
Add a new tag
Caveats
  • Supply blocks, unpowered buildings, or Contaminate may cause inaccurate times.
  • Supply counts are checked every 10 seconds.